 Dungeon Crawl Stone Soup version 0.18-a0-1160-geb89fc2 (webtiles) character file.

22 namelastname112 the Scratcher (level 2, -1/12 HPs)
             Began as a Felid Transmuter on Jan 25, 2016.
             Slain by a rat (2 damage)
             ... on level 2 of the Dungeon.
             The game lasted 00:01:52 (884 turns).

namelastname112 the Scratcher (Felid Transmuter)     Turns: 884, Time: 00:01:52

Health: -1/12      AC:  1    Str: 13    XL:     2   Next: 68%
Magic:  2/6        EV: 18    Int: 14    God:
Gold:   74         SH:  0    Dex: 16    Spells: 2 memorised, 2 levels left
                                        Lives:  0   Deaths: 0

rFire  + . .     SeeInvis +       - Unarmed
rCold  + . .     Gourm    .     (armour unavailable)
rNeg   . . .     Faith    .     (shield unavailable)
rPois  +         Spirit   .     (helmet unavailable)
rElec  +         Dismiss  .     (cloak unavailable)
rCorr  +         Reflect  .     (gloves unavailable)
SustAt .         Harm     .     (boots unavailable)
MR     .....                    (no amulet)
Stlth  ++........               (no ring)
                                e - +2 ring of strength

@: mighty, lethally poisoned (-1 -> -11), resistant, quick, not resistant to
hostile enchantments, unstealthy
A: no armour, no weapons or thrown items, claws 1, fangs 3, see invisible,
carnivore 3, speed 1, shaggy fur 1, slow metabolism 1, sharp paws
a: no special abilities


You were on level 2 of the Dungeon.
You were full.

You visited 1 branch of the dungeon, and saw 2 of its levels.

You collected 74 gold pieces.

Inventory:

Missiles
 a - 7 arrows
Jewellery
 e - a +2 ring of strength (left paw)
Potions
 h - a potion of lignification {unknown}
Books
 b - a book of Changes

   Spells                             Type                      Level
   a - Beastly Appendage              Transmutation                1
   b - Sticks to Snakes               Transmutation                2
   c - Spider Form                    Transmutation/Poison         3
   d - Ice Form                       Ice/Transmutation            4
   e - Blade Hands                    Transmutation                5
Comestibles
 c - a meat ration
 d - a beef jerky


   Skills:
 + Level 1.4 Fighting
 + Level 3.0 Dodging
 + Level 3.2 Unarmed Combat
 * Level 2.1 Spellcasting
 * Level 2.6 Transmutations


You had 2 spell levels left.
You knew the following spells:

 Your Spells              Type           Power        Failure   Level  Hunger
a - Beastly Appendage     Trmt           #.....       10%         1    #......
x - Sticks to Snakes      Trmt           #.......     14%         2    ###....


Dungeon Overview and Level Annotations

Branches:
Dungeon (2/15)

Altars:


Innate Abilities, Weirdness & Mutations

You cannot wear armour.
You are incapable of wielding weapons or throwing items.
You have sharp claws.
You have razor-sharp teeth.
You have supernaturally acute eyesight.
You are carnivorous and can eat meat at any time.
You cover ground quickly.
You are covered in fur (AC +1).
You have a slow metabolism.
Your sharp claws are effective at attacking unaware monsters.


Message History

A goblin comes into view.
You feel sick.
* * * LOW HITPOINT WARNING * * *
You feel sick. The hobgoblin completely misses you.
Drink which item? (? for menu, Esc to quit)
It was a potion of resistance.
You feel protected. The adder barely misses you.
The adder bites your ball python.
Your ball python dies!
* * * LOW HITPOINT WARNING * * *
You feel sick.
The hobgoblin hits you but does no damage.
The rat completely misses you.
Drink which item? (? for menu, Esc to quit)
It was a potion of might.
You feel very mighty all of a sudden.
* * * LOW HITPOINT WARNING * * *
You feel sick. The adder misses you. The hobgoblin completely misses you.
The rat bites you.
You die...

....###..#... .
.........# # ........# #
###.##...# #
##.....#..####
#......#...... .##
###........#....
.....####.J........#J...
#...@SS##..........<.
#...rg.##......#.....
#......##.###..#.##.$
#.g....##.####.#.##..
......[...............
.##......#...........#.
. ............###.....#.
#................#....
.#.........


You could see an ooze, 2 adders, a hobgoblin, a goblin and a rat.

Vanquished Creatures
  A giant gecko (D:1)
  3 goblins (D:1)
  5 hobgoblins
  5 bats (D:1)
  2 giant newts
  4 rats (D:1)
20 creatures vanquished.

Vanquished Creatures (collateral kills)
  A giant gecko (D:1)
1 creature vanquished.

Grand Total: 21 creatures vanquished

Notes
Turn   | Place    | Note
--------------------------------------------------------------
     0 | D:1      | namelastname112 the Felid Transmuter began the quest for the Orb.
     0 | D:1      | Reached XP level 1. HP: 9/9 MP: 4/4
   272 | D:1      | Reached XP level 2. HP: 12/12 MP: 6/6
   305 | D:1      | Learned a level 2 spell: Sticks to Snakes
   884 | D:2      | Slain by a rat

Vault maps used:
D:1:      nagdon_arrival_zigzag_paths
D:2:      nicolae_overflow_crystal_walls, lemuel_crystal_altar

Action                   || total
-------------------------++-------
Melee: Unarmed           ||    52
 Cast: Beastly Appendage ||     2
       Sticks to Snakes  ||     5
  Use: Potion            ||     2
 Stab: Sleeping          ||     1
  Eat: Chunk             ||     5
